 Dungeon Crawl Stone Soup version 0.21.1-72-gffa868e0fe (webtiles) character file.

76 OlSheep the Magician (level 4, -10/32 HPs)
             Began as a Human Wanderer on Aug 4, 2018.
             Killed by nerve-wracking pain
             ... invoked by Jessica
              (14 damage)
             ... on level 2 of the Dungeon.
             The game lasted 00:10:28 (2432 turns).

OlSheep the Magician (Human Wanderer)               Turns: 2432, Time: 00:10:29

Health: -10/32     AC:  3    Str: 13    XL:     4   Next: 57%
Magic:  8/8        EV: 15    Int: 12    God:
Gold:   64         SH:  0    Dex: 18    Spells: 5/9 levels left

rFire    . . .     SeeInvis .   a - +2 mace
rCold    . . .     Gourm    .   (no shield)
rNeg     . . .     Faith    .   j - +0 leather armour
rPois    .         Spirit   .   (no helmet)
rElec    .         Reflect  .   (no cloak)
rCorr    .         Harm     .   (no gloves)
MR       .....                  (no boots)
Stlth    +++.......             (no amulet)
HPRegen  0.10/turn              (no ring)
MPRegen  0.11/turn              (no ring)

@: agile
A: no striking features
a: no special abilities


You were on level 2 of the Dungeon.
You were not hungry.

You visited 1 branch of the dungeon, and saw 3 of its levels.

You collected 64 gold pieces.

Inventory:

Hand Weapons
 a - a +2 mace (weapon)
Armour
 j - a +0 leather armour (worn)
Scrolls
 d - a scroll of identify {unknown}
 e - 2 scrolls of blinking {unknown}
 h - 2 scrolls of immolation {unknown}
 k - a scroll of noise {unknown}
Potions
 c - a potion of curing
 i - 2 potions of ambrosia
Books
 b - the Grimoire of Confrontation

   Spells                             Type                      Level
   a - Searing Ray                    Conjuration                  2
   b - Throw Frost                    Conjuration/Ice              2
Comestibles
 f - a ration
 l - 2 chunks of flesh


   Skills:
 + Level 1.2 Fighting
 + Level 2.9 Maces & Flails
 - Level 1.0 Throwing
 * Level 1.2 Armour
 - Level 1.0 Stealth
 - Level 3.0 Spellcasting
 + Level 0.5 Conjurations
   Level 2.0 Summonings
 + Level 0.3 Ice Magic
   Level 1.0 Poison Magic


You had 5 spell levels left.
You knew the following spells:

 Your Spells              Type           Power        Failure   Level  Hunger
a - Searing Ray           Conj           #.....       36%         2    ###....
b - Throw Frost           Conj/Ice       #.....       36%         2    ###....


Dungeon Overview and Level Annotations

Branches:
Dungeon (3/15)

Altars:
Dithmenos
Gozag
Vehumet
Yredelemnul

Annotations:
D:2 exclusion: adder, Jessica


Message History

Jessica closely misses you.
It was a potion of agility.
You feel agile all of a sudden. Jessica gestures at you while chanting.
You barely resist. You hit Jessica but do no damage.
Jessica is heavily wounded.
Jessica misses you. Jessica hits you with a flail!
* * * LOW HITPOINT WARNING * * *
You barely miss Jessica.
Jessica is heavily wounded.
You feel less invigorated.
You feel less confused. Jessica hits you with a flail.
* * * LOW HITPOINT WARNING * * *
You closely miss Jessica.
Jessica is heavily wounded.
Jessica casts a spell at you. Pain shoots through your body!
You die...

#......_.§................S...
#.###....§##.###########...##.
#.........##'### ######.
####....###....# #. #.####
#....# #. #.#### #....# ##
#....###....####### #
####........@........# #
#............@.......# ##
##.##................# #.
#.##.....w..........# #.
###..#................# #.
##..w.#................# #.
#..._..................# ##
#..§....########.......#
#.......# ######### ##
#.......# ###########.


You could see a worm and Jessica.

Vanquished Creatures
  3 adders
  An ooze (D:3)
  A worm (D:2)
  2 dart slugs (D:1)
  A leopard gecko (D:1)
  An orc (D:2)
  A giant cockroach (D:1)
  3 hobgoblins (D:1)
  2 kobolds
  A quokka (D:2)
  3 bats
  7 frilled lizards
  A giant cockroach zombie (D:2)
  6 goblins
  5 rats
  A spectral orc (D:2)
39 creatures vanquished.

Vanquished Creatures (others)
  A ball python (D:2)
  9 toadstools (D:3)
10 creatures vanquished.

Grand Total: 49 creatures vanquished

Notes
Turn   | Place    | Note
-------+----------+-------------------------------------------
     0 | D:1      | OlSheep the Human Wanderer began the quest for the Orb.
     0 | D:1      | OlSheep set off with: a +2 mace, the Grimoire of Confrontation, a potion of curing, a +0 robe, a ration
     0 | D:1      | Reached XP level 1. HP: 15/15 MP: 3/3
     0 | D:1      | Identified the Grimoire of Confrontation
   154 | D:1      | Reached XP level 2. HP: 21/21 MP: 5/5
   167 | D:1      | Learned a level 2 spell: Searing Ray
   170 | D:1      | Learned a level 2 spell: Throw Frost
   745 | D:1      | Reached XP level 3. HP: 23/26 MP: 7/7
   897 | D:2      | Reached skill level 3 in Spellcasting
   960 | D:2      | Found an opulent altar of Gozag.
  1486 | D:2      | Found a basalt altar of Yredelemnul.
  1622 | D:2      | Noticed Jessica
  2048 | D:3      | Reached XP level 4. HP: 12/32 MP: 2/8
  2213 | D:2      | Found a shadowy altar of Dithmenos.
  2221 | D:2      | Reached skill level 1 in Armour
  2237 | D:2      | Found a radiant altar of Vehumet.
  2432 | D:2      | Killed from afar by Jessica

Skill      XL: |  1  2  3  4 |
---------------+-------------+-----
Spellcasting   | 3 |  3.0
Armour         | 1 |  1.2
Fighting       | |  1.2
Maces & Flails | |  2.9
Throwing       | |  1.0
Stealth        | |  1.0
Conjurations   | |  0.5
Summonings     | |  2.0
Ice Magic      | |  0.3
Poison Magic   | |  1.0

Action                   |  1- 3 |  4- 6 || total
-------------------------+-------+-------++-------
Melee: Mace              |    81 |    32 ||   113
 Cast: Throw Frost       |     9 |     7 ||    16
  Use: Potion            |       |     3 ||     3
  Eat: Ration            |     1 |       ||     1
       Chunk             |       |     3 ||     3
Armor: Robe              |    12 |       ||    12
       Leather armour    |     4 |    13 ||    17
Dodge: Dodged            |    40 |    31 ||    71
